 Dungeon Crawl Stone Soup version 0.29.1-1-gd02db6906a (webtiles) character file.

Game seed: 12648536151118483807

151318 EvilAshe the Spear-Bearer (level 17, -2/137 HPs)
             Began as a Gnoll Cinder Acolyte on Sept 16, 2022.
             Was a High Priest of Ignis.
             Succumbed to a guardian serpent's bolt of poison
             ... on level 4 of the Snake Pit.
             The game lasted 01:47:34 (42044 turns).

EvilAshe the Spear-Bearer (Gnoll Cinder Acolyte)   Turns: 42044, Time: 01:47:35

Health: -2/137     AC: 22    Str: 22    XL:     17   Next: 55%
Magic:  6/33       EV: 10    Int: 19    God:    Ignis [*****.]
Gold:   1015       SH:  7    Dex: 10    Spells: 35/40 levels left

rFire   + . .      SeeInvis +   a - +9 sword of Zonguldrok {reap}
rCold   . . .      Faith    .   k - +1 buckler "Ruhenum" {rElec}
rNeg    . . .      Spirit   +   O - +0 plate armour
rPois   .          Reflect  .   m - +2 hat "Exteplan" {Regen+ Str-2 SInv}
rElec   +          Harm     .   N - scarf {+Inv}
rCorr   +          Rampage  .   D - +2 pair of gloves {hurl}
Will    +....      NoTele   +   i - +0 pair of boots
Stlth   ..........              u - amulet of guardian spirit
HPRegen 1.12/turn               F - ring "Kuicepp" {rCorr Str+4 Int+6}
MPRegen 0.23/turn               s - ring of poison resistance

@: lethally poisoned (-2 -> -60), untranslocatable, wereblooded, poison
vulnerable, slowed, very slow
A: fangs 1, strong nose, distributed training
a: Renounce Religion, Evoke Invisibility, Fiery Armour, Foxfire Swarm, Rising
Flame


You were on level 4 of the Snake Pit.
You worshipped Ignis.
Ignis was extremely pleased with you.
You visited 3 branches of the dungeon, and saw 24 of its levels.
You also visited: Ossuary, Gauntlet and Ice Cave.

You collected 1823 gold pieces.
You spent 808 gold pieces at shops.

Inventory:

Hand Weapons
 a - the +9 sword of Zonguldrok (weapon) {reap}
   (You acquired it on level 1 of the Lair of Beasts)

   Any living foe damaged by it may be reanimated upon death as a zombie
   friendly to the wielder, with an increasing chance as more damage is dealt.
 b - a +4 scimitar of flaming
Missiles
 p - a throwing net
 x - 21 poisoned darts (quivered)
 J - 5 atropa-tipped darts
 K - 6 curare-tipped darts
Armour
 i - a +0 pair of boots (worn)
 k - the +1 buckler "Ruhenum" (worn) {rElec}
   (You found it on level 2 of the Lair of Beasts)

   rElec:     It insulates you from electricity.
 m - the +2 hat "Exteplan" (worn) {Regen+ Str-2 SInv}
   (You acquired it on level 14 of the Dungeon)

   Str:       It affects your strength (-2).
   SInv:      It lets you see invisible.
   Regen:     It increases your rate of health regeneration.
 D - a +2 pair of gloves of hurling (worn)
 N - a scarf of invisibility (worn)
 O - a +0 plate armour (worn)
Jewellery
 d - a ring of ice
 s - a ring of poison resistance (right hand)
 u - an amulet of guardian spirit (around neck)
 v - the amulet of Nigreyts {Faith rF++ rC+}
   (You found it on level 3 of the Dungeon)

   [amulet of faith]

   It allows you to gain divine favour quickly.
   rF:        It greatly protects you from fire.
   rC:        It protects you from cold.
 w - a +4 ring of protection
 F - the ring "Kuicepp" (left hand) {rCorr Str+4 Int+6}
   (You acquired it on level 13 of the Dungeon)

   [ring of intelligence]

   Str:       It affects your strength (+4).
   Int:       It affects your intelligence (+6).
   rCorr:     It protects you from acid and corrosion.
 P - a ring of flight
 Q - the ring of the Priest {rElec rF- Int+6 Dex+6 Stlth+}
   (You found it on level 2 of the Snake Pit)

   [ring of intelligence]

   Int:       It affects your intelligence (+6).
   Dex:       It affects your dexterity (+6).
   rF:        It makes you vulnerable to fire.
   rElec:     It insulates you from electricity.
   Stlth:     It makes you more stealthy.
 S - a ring of protection from fire
 T - a ring of positive energy
Wands
 c - a wand of mindburst (8)
 y - a wand of polymorph (4)
 M - a wand of paralysis (22)
 R - a wand of flame (36)
 X - a wand of digging (19)
Scrolls
 e - 3 scrolls of fear
 h - 3 scrolls of blinking
 l - 4 scrolls of fog
 n - a scroll of enchant armour
 o - 5 scrolls of vulnerability
 B - 4 scrolls of summoning
 G - 4 scrolls of magic mapping
 U - 2 scrolls of poison
 V - 8 scrolls of teleportation
Potions
 f - 6 potions of attraction
 g - 2 potions of resistance
 j - 2 potions of ambrosia
 r - 12 potions of curing
 z - 4 potions of invisibility
 A - 6 potions of brilliance
 C - 4 potions of heal wounds
 E - 6 potions of lignification
 H - a potion of might
 I - a potion of cancellation
 L - 4 potions of haste
 W - a potion of berserk rage
 Y - a potion of magic
Miscellaneous
 q - a box of beasts
 t - a tin of tremorstones (2/2)


   Skills:
 + Level 13.5 Fighting
 + Level 12.0 Short Blades
 + Level 12.0 Long Blades
 + Level 12.0 Axes
 + Level 12.0 Maces & Flails
 + Level 13.5 Polearms
 + Level 12.0 Staves
 + Level 12.0 Ranged Weapons
 + Level 12.0 Throwing
 + Level 12.0 Armour
 + Level 12.0 Dodging
 + Level 12.0 Stealth
 + Level 12.0 Shields
 + Level 12.0 Unarmed Combat
 + Level 12.3 Spellcasting
 + Level 10.1 Conjurations
 + Level 10.1 Hexes
 + Level 10.1 Summonings
 + Level 10.1 Necromancy
 + Level 10.1 Translocations
 + Level 10.1 Transmutations
 + Level 11.5 Fire Magic
 + Level 10.1 Ice Magic
 + Level 10.1 Air Magic
 + Level 10.1 Earth Magic
 + Level 10.1 Poison Magic
 + Level 13.0 Invocations
 + Level 12.0 Evocations


You had 35 spell levels left.
You knew the following spells:

 Your Spells              Type           Power      Damage    Failure   Level
a - Wereblood             Tmut           50%        N/A       1%          2
b - Swiftness             Air            50%        N/A       3%          3

Your spell library contained the following spells:

 Spells                   Type           Power      Damage    Failure   Level
 Beastly Appendage        Tmut           100%       N/A       1%          1
 Ensorcelled Hibernation  Hex/Ice        100%       N/A       1%          2
 Passwall                 Tmut/Erth      41%        N/A       1%          2
 Scorch                   Fire           100%       2d10      1%          2
 Conjure Flame            Conj/Fire      52%        6-21      2%          3
 Gell's Gravitas          Tloc           50%        N/A       3%          3
 Ignite Poison            Fire/Tmut/Pois 51%        N/A       3%          3
 Lesser Beckoning         Tloc           50%        N/A       3%          3
 Spider Form              Tmut/Pois      50%        N/A       3%          3
 Teleport Other           Tloc           50%        N/A       3%          3
 Sticky Flame             Conj/Fire      52%        2d7       10%         4
 Petrify                  Tmut/Erth      50%        N/A       12%         4
 Freezing Cloud           Conj/Ice/Air   25%        6-21      34%         5
 Metabolic Englaciation   Hex/Ice        25%        N/A       34%         5
 Simulacrum               Ice/Necr       25%        N/A       88%         6
 Statue Form              Tmut/Erth      33%        N/A       88%         6
 Polar Vortex             Ice            25%        N/A       100%        9


Dungeon Overview and Level Annotations

Branches:
Dungeon (15/15)            Temple (0/1) D:4            Lair (5/5) D:11
  Swamp (0/4) Lair:2        Snake (4/4) Lair:3        Slime (0/5) Lair:5
    Orc (0/2) D:9          Vaults (0/5) D:13        Ossuary (visited)
  IceCv (visited)         Gauntlet (visited)
 Depths: D:15

Altars:
Dithmenos
Fedhas
Gozag
Hepliaklqana
Kikubaaqudgha
Nemelex Xobeh
Qazlal
Vehumet
Jiyva

Shops:
D:3 *   D:4 !   D:10 *   D:12 [   Snake:3 (?

Annotations:
Lair:2 exclusion: oklob plant


Innate Abilities, Weirdness & Mutations

You have very sharp teeth.
Your uncanny sense of smell can sniff out nearby items.
Your experience applies equally to all skills.


Message History

You slice the naga ritualist!!
The naga ritualist is severely wounded.
You feel extremely sick.
You are more poisoned.
The guardian serpent hits your naga mage zombie!
Your guardian serpent zombie hits the nagaraja!
Your naga mage zombie hits the guardian serpent.
Your naga mage zombie constricts the guardian serpent.
The nagaraja spits poison at you. The splash of poison hits you!
You are more poisoned.
The nagaraja constricts your guardian serpent zombie.
Your guardian serpent zombie is destroyed!
The nagaraja points at you and mumbles some strange words.
The poison arrow misses you.
The poison arrow hits the nagaraja!
The nagaraja partially resists.
The nagaraja is poisoned.
The naga ritualist hits you with a +0 scimitar.
The naga ritualist constricts your naga mage zombie.
The guardian serpent hits your naga mage zombie!
Your naga mage zombie is destroyed!
You slash the naga ritualist!
The naga ritualist is almost dead.
You feel extremely sick.
You are more poisoned.
The nagaraja hits your nagaraja zombie with a +0 halberd!!
The nagaraja grabs your nagaraja zombie.
The nagaraja constricts your nagaraja zombie.
You block the naga ritualist's attack. The naga ritualist barely misses you.
The nagaraja casts a spell at you. The poison arrow hits you!!
You are more poisoned.
* * * LOW HITPOINT WARNING * * *
The guardian serpent coils itself and waves its upper body at you.
The bolt of poison hits you!!
You are more poisoned.
* * * LOW HITPOINT WARNING * * *
You cannot blink because you are locked down by a dimension anchor.
You barely miss the nagaraja.
You bite the nagaraja, but do no damage.
You die...

##..##....###...#
##..###..#########
##.Z###.###......### ##..##
###..........### ##..##
##...)..........##
#.Z#####.....######.....#
..###.#....###..Z.###...##
.Z.#.##...##...NS...##...#
....##...##....N@....#...#####
..####...#....###N...##..##..#
..##.#...#...§ ##....#...#..##
.....#...#.... ##...#...#...#
.....#...#....∆ #...#...##<.##
....##...##... ##...#...##...##
##.####...#... ##....#...###....
#.....#..Z###. ##....##...#..#.[.
......#....Z####....##...##..#...


You could see 2 nagarajas, a naga ritualist (toxic aura), a guardian serpent and
a friendly nagaraja zombie.

Vanquished Creatures
  11 nagarajas
  Aizul (Snake:3)
  Nessos (D:13)
  Josephine (D:10)
  A fire dragon (Lair:5)
  Fannar (D:12)
  11 hydras
  Erolcha (D:11)
  3 boulder beetles
  8 anacondas
  2 centaur warriors
  5 two-headed ogres
  2 catoblepae
  Erica (Lair:2)
  10 naga warriors
  4 tengu warriors
  The ghost of raph the Arsonist, a journeyman DEFE of Sif Muna (Lair:2)
  12 naga sharpshooters
  3 shock serpents
  A salamander mystic (Snake:3)
  Lodul (D:12)
  5 naga ritualists (Snake:4)
  A lindwurm (Lair:5)
  2 bog bodies (Lair:2)
  Pikel (D:4)
  2 deep elf pyromancers
  6 mana vipers
  2 manticores
  3 ugly things
  A necromancer (D:13)
  7 cyclopes
  7 salamanders
  Maurice (D:9)
  2 molten gargoyles (Lair:5)
  2 ice statues (IceCv)
  16 naga magi
  20 black mambas
  2 guardian serpents (Snake:4)
  A torpor snail (Lair:4)
  2 gargoyles
  2 unseen horrors
  6 cane toads
  A komodo dragon (shapeshifter) (D:13)
  3 rime drakes
  An efreet (D:13)
  6 komodo dragons
  A yaktaur (D:15)
  A freezing wraith (IceCv)
  A tengu conjurer (D:13)
  2 anaconda simulacra (IceCv)
  4 ice devils (IceCv)
  4 trolls
  3 hornets
  Grinder (D:5)
  2 slime creatures (D:14)
  14 blink frogs
  7 wyverns
  7 wraiths
  A water elemental (D:12)
  2 shadows
  20 yaks
  5 basilisks
  2 vampires
  2 death yak simulacra (IceCv)
  A steam dragon (D:8)
  A harpy simulacrum (IceCv)
  Menkaure (D:6)
  26 nagas
  2 hell hounds (Lair:5)
  An acid dragon (D:12)
  13 water moccasins
  5 orc warriors
  2 ice beasts (D:5)
  A black bear (D:11)
  18 wolves
  12 ogres
  10 centaurs
  2 lemures (D:4)
  3 phantoms
  Blork the orc (D:4)
  A kobold brigand (D:10)
  2 necrophages (D:6)
  4 scorpions
  7 bullfrogs
  4 two-headed ogre simulacra (IceCv)
  5 wights (D:6)
  6 killer bees (D:8)
  An elephant simulacrum (IceCv)
  An electric eel (D:12)
  4 lava snakes (Lair:5)
  3 orc priests
  6 hounds
  3 iguanas
  Ijyb (D:3)
  4 orc wizards
  6 hell rats (Lair:3)
  4 polar bear simulacra
  A troll simulacrum (IceCv)
  A spriggan simulacrum (IceCv)
  2 wolf simulacra (IceCv)
  A mummy (Ossuary)
  3 gnolls (D:7)
  14 adders
  A naga simulacrum (IceCv)
  4 white imps
  9 ufetubi
  2 worms (D:2)
  A dart slug (D:3)
  40 orcs
  8 ball pythons
  6 bats
  13 endoplasms
  6 giant cockroaches
  6 goblins
  6 hobgoblins
  10 kobolds
  3 quokkas
  A frilled lizard (D:1)
  7 gnoll skeletons (Ossuary)
  8 kobold skeletons (Ossuary)
  10 orc skeletons (Ossuary)
  4 rats
  A spectral goblin (D:6)
591 creatures vanquished.

Vanquished Creatures (collateral kills)
  Vashnia (Snake:3)
  2 nagarajas (Snake:4)
  2 salamander tyrants
  A boulder beetle (Lair:4)
  2 hydras
  2 naga warriors
  3 shock serpents (Snake:3)
  3 ugly things
  A mana viper (Snake:3)
  A salamander (Snake:4)
  7 black mambas
  A naga mage (Snake:3)
  A komodo dragon (Lair:5)
  A polar bear (Lair:5)
  A slime creature (D:14)
  2 blink frogs
  3 wyverns
  9 yaks
  3 basilisks
  A steam dragon (Lair:5)
  A naga (Snake:3)
  5 water moccasins
  3 hell hounds (Lair:5)
  4 wolves
  4 bullfrogs
  A cane toad simulacrum (Lair:4)
  A lava snake (Lair:5)
  A hell rat (Lair:3)
  A wolf simulacrum (Lair:4)
68 creatures vanquished.

Vanquished Creatures (others)
  Jorgrun (D:12)
  2 unseen horror zombies
  2 mana viper zombies
  A guardian serpent zombie (Snake:4)
  6 black mamba zombies
  A two-headed ogre zombie (D:13)
  2 cane toad zombies
  A human zombie (D:13)
  3 blink frog zombies (Lair:5)
  A rime drake zombie (Lair:2)
  A bullfrog (D:11)
  A salamander zombie (Snake:3)
  A hell hound zombie (Lair:5)
  A komodo dragon zombie (Lair:5)
  2 wyvern zombies
  6 water moccasin zombies
  4 yak zombies (Lair:5)
  8 wolf zombies
  2 bullfrog zombies (Lair:1)
  A basilisk zombie (D:14)
  17 naga zombies
  4 hell rat zombies (Lair:3)
  3 lava snake zombies (Lair:5)
  44 fungi
  72 plants
  A withered plant (D:2)
188 creatures vanquished.

Grand Total: 847 creatures vanquished

Notes
Turn   | Place    | Note
-------+----------+-------------------------------------------
     0 | D:1      | EvilAshe the Gnoll Cinder Acolyte began the quest for the
                  | Orb.
     0 | D:1      | Reached XP level 1. HP: 23/23 MP: 4/4
   139 | D:1      | Reached XP level 2. HP: 29/29 MP: 5/5
   277 | D:2      | You fall into a shaft and drop 1 floor!
   564 | D:2      | Found a sparkling altar of Nemelex Xobeh.
   603 | D:2      | Found a faded altar of an unknown god.
   716 | D:2      | Reached XP level 3. HP: 35/35 MP: 7/7
   802 | D:1      | Reached skill level 1 in Invocations
  1043 | D:1      | Reached skill level 1 in Short Blades
  1043 | D:1      | Reached skill level 1 in Long Blades
  1043 | D:1      | Reached skill level 1 in Axes
  1043 | D:1      | Reached skill level 1 in Maces & Flails
  1043 | D:1      | Reached skill level 1 in Staves
  1043 | D:1      | Reached skill level 1 in Ranged Weapons
  1043 | D:1      | Reached skill level 1 in Throwing
  1043 | D:1      | Reached skill level 1 in Armour
  1043 | D:1      | Reached skill level 1 in Dodging
  1043 | D:1      | Reached skill level 1 in Stealth
  1043 | D:1      | Reached skill level 1 in Shields
  1043 | D:1      | Reached skill level 1 in Unarmed Combat
  1043 | D:1      | Reached skill level 1 in Evocations
  1640 | D:3      | Reached XP level 4. HP: 41/41 MP: 8/8
  1851 | D:3      | Identified the amulet of Nigreyts {Faith rF++ rC+}
  1896 | D:3      | Reached skill level 1 in Conjurations
  1896 | D:3      | Reached skill level 1 in Hexes
  1896 | D:3      | Reached skill level 1 in Summonings
  1896 | D:3      | Reached skill level 1 in Necromancy
  1896 | D:3      | Reached skill level 1 in Translocations
  1896 | D:3      | Reached skill level 1 in Transmutations
  1896 | D:3      | Reached skill level 1 in Ice Magic
  1896 | D:3      | Reached skill level 1 in Air Magic
  1896 | D:3      | Reached skill level 1 in Earth Magic
  1896 | D:3      | Reached skill level 1 in Poison Magic
  2179 | D:3      | Noticed an orc warrior
  2292 | D:4      | Reached XP level 5. HP: 47/47 MP: 9/9
  2386 | D:3      | Noticed Ijyb
  2391 | D:3      | Paralysed by Ijyb for 2 turns
  2396 | D:3      | Paralysed by Ijyb for 3 turns
  2440 | D:3      | Killed Ijyb
  2530 | D:4      | Noticed a lemure
  2530 | D:4      | Noticed a lemure
  2530 | D:4      | Noticed an ogre
  2531 | D:4      | Noticed Pikel
  2609 | D:3      | Found Dimouki's General Store.
  2617 | D:3      | Bought a scroll of magic mapping for 75 gold pieces
  2776 | D:4      | Found a shadowy altar of Dithmenos.
  2857 | D:4      | Reached XP level 6. HP: 53/53 MP: 11/11
  3000 | D:4      | Found a staircase to the Ecumenical Temple.
  3009 | D:5      | Entered Level 5 of the Dungeon
  3033 | D:5      | Found a sand-covered staircase.
  3041 | Ossuary  | Entered an ossuary
  3041 | Ossuary  | Noticed a wraith
  3041 | Ossuary  | Noticed a wraith
  3041 | Ossuary  | Noticed a wraith
  3279 | Ossuary  | Noticed a wraith
  3634 | D:4      | Noticed Blork the orc
  3770 | D:3      | Reached skill level 5 in Short Blades
  3770 | D:3      | Reached skill level 5 in Long Blades
  3770 | D:3      | Reached skill level 5 in Axes
  3770 | D:3      | Reached skill level 5 in Maces & Flails
  3770 | D:3      | Reached skill level 5 in Staves
  3770 | D:3      | Reached skill level 5 in Ranged Weapons
  3770 | D:3      | Reached skill level 5 in Throwing
  3770 | D:3      | Reached skill level 5 in Armour
  3770 | D:3      | Reached skill level 5 in Dodging
  3770 | D:3      | Reached skill level 5 in Stealth
  3770 | D:3      | Reached skill level 5 in Shields
  3770 | D:3      | Reached skill level 5 in Unarmed Combat
  3770 | D:3      | Reached skill level 5 in Spellcasting
  3770 | D:3      | Reached skill level 5 in Invocations
  3770 | D:3      | Reached skill level 5 in Evocations
  3770 | D:3      | Reached XP level 7. HP: 63/63 MP: 11/15
  3944 | D:4      | Killed Blork the orc
  3945 | D:4      | Reached XP level 8. HP: 68/69 MP: 16/16
  4379 | D:4      | Killed Pikel
  4615 | D:4      | Found Pyfacsui's Distillery.
  4624 | D:4      | Bought a potion of haste for 110 gold pieces
  4700 | D:5      | Reached XP level 9. HP: 75/75 MP: 16/18
  4777 | D:5      | Found a stormy altar of Qazlal.
  4835 | D:5      | Found a blossoming altar of Fedhas.
  5299 | D:5      | Noticed Grinder
  5312 | D:5      | Killed Grinder
  5914 | D:6      | Found a hazy altar of Hepliaklqana.
  7436 | D:6      | Noticed a cyclops
  7441 | D:6      | Killed a cyclops
  7442 | D:6      | Reached XP level 10. HP: 77/82 MP: 19/19
  7450 | D:6      | Identified the +5 trident of EvilAshe's Slow Death {venom,
                  | rC+ Stlth+}
  7469 | D:6      | Noticed Menkaure
  7475 | D:6      | Killed Menkaure
  7576 | D:6      | Reached skill level 5 in Conjurations
  7576 | D:6      | Reached skill level 5 in Hexes
  7576 | D:6      | Reached skill level 5 in Summonings
  7576 | D:6      | Reached skill level 5 in Necromancy
  7576 | D:6      | Reached skill level 5 in Translocations
  7576 | D:6      | Reached skill level 5 in Transmutations
  7576 | D:6      | Reached skill level 5 in Ice Magic
  7576 | D:6      | Reached skill level 5 in Air Magic
  7576 | D:6      | Reached skill level 5 in Earth Magic
  7576 | D:6      | Reached skill level 5 in Poison Magic
  7815 | D:7      | Identified a scroll of acquirement
  9206 | D:8      | Noticed a two-headed ogre
  9223 | D:8      | Killed a two-headed ogre
  9843 | D:9      | Found a staircase to the Orcish Mines.
 10207 | D:9      | Noticed Maurice
 10248 | D:9      | Killed Maurice
 10428 | D:9      | Reached XP level 11. HP: 83/89 MP: 18/21
 10477 | D:9      | Noticed a six-headed hydra
 10481 | D:9      | Killed a six-headed hydra
 10640 | D:10     | Entered Level 10 of the Dungeon
 10659 | D:10     | Paralysed by a hornet for 1 turns
 10854 | D:10     | Found an ancient bone altar of Kikubaaqudgha.
 10907 | D:10     | Found a radiant altar of Vehumet.
 11119 | D:10     | Found Qizoiden's General Store.
 11127 | D:10     | Bought a scroll of teleportation for 42 gold pieces
 11255 | D:10     | Noticed Josephine
 11274 | D:10     | Noticed a two-headed ogre
 11276 | D:10     | Killed Josephine
 12001 | D:10     | Killed a two-headed ogre
 12166 | D:11     | Noticed a manticore
 12174 | D:11     | Noticed a cyclops
 12188 | D:11     | Killed a cyclops
 12198 | D:11     | Killed a manticore
 12231 | D:11     | Noticed a cyclops
 12425 | D:11     | Noticed a cyclops
 12447 | D:11     | Killed a cyclops
 12495 | D:11     | Killed a cyclops
 12724 | D:11     | Noticed Erolcha
 12733 | D:11     | Killed Erolcha
 12734 | D:11     | Reached skill level 10 in Fighting
 12734 | D:11     | Reached skill level 10 in Polearms
 13106 | D:12     | Noticed Fannar
 13136 | D:11     | Reached XP level 12. HP: 93/97 MP: 21/24
 13181 | D:11     | Noticed an eight-headed hydra
 13330 | D:11     | Killed an eight-headed hydra
 13640 | D:11     | Found a staircase to the Lair.
 13913 | D:12     | Noticed Lodul
 14201 | D:12     | Killed Lodul
 14502 | D:12     | Found an opulent altar of Gozag.
 14698 | D:12     | Killed Fannar
 14962 | D:12     | Noticed a boulder beetle
 14976 | D:12     | Killed a boulder beetle
 15290 | D:12     | Noticed Jorgrun
 15387 | Lair:1   | Entered Level 1 of the Lair of Beasts
 15387 | Lair:1   | Found a gate leading to a gauntlet.
 15393 | Gauntlet | Entered a Gauntlet
 15393 | Gauntlet | Found a transporter.
 15393 | Gauntlet | Found a transporter.
 15395 | Gauntlet | Found a transporter.
 15395 | Gauntlet | Found a transporter.
 15468 | Lair:1   | Noticed a four-headed hydra
 15759 | Lair:1   | Acquired the +9 sword of Zonguldrok {reap}
 15759 | Lair:1   | Found the +9 sword of Zonguldrok {reap}
 16109 | Lair:1   | Noticed a seven-headed hydra
 16116 | Lair:1   | Killed a seven-headed hydra
 16281 | Lair:1   | Reached XP level 13. HP: 103/104 MP: 25/25
 16308 | Lair:2   | Noticed Erica
 16320 | Lair:2   | Killed Erica
 16555 | Lair:1   | Identified the +1 leather armour of the Pink Corner {-Tele
                  | Harm Dex+2 SInv}
 17022 | Lair:2   | Found a staircase to the Swamp.
 17859 | Lair:2   | Found a runed translucent gate.
 17859 | Lair:2   | Found a runed translucent gate.
 17859 | Lair:2   | Found a runed translucent gate.
 17860 | Lair:2   | Noticed raph's ghost (journeyman DEFE)
 17867 | Lair:2   | Found the +1 robe of Vines {NoPotionHeal Regen++++}
 18004 | Lair:2   | Identified the +1 buckler "Ruhenum" {rElec}
 19120 | Lair:2   | Killed raph's ghost
 19423 | Lair:2   | Reached skill level 10 in Invocations
 19423 | Lair:2   | Reached XP level 14. HP: 113/113 MP: 27/27
 19617 | Lair:4   | Found a frozen archway.
 19640 | IceCv    | Entered an ice cave
 21263 | IceCv    | Noticed a reaper
 22072 | Lair:4   | Reached skill level 10 in Spellcasting
 22436 | Lair:5   | Entered Level 5 of the Lair of Beasts
 23443 | Lair:3   | Found a staircase to the Snake Pit.
 23515 | Lair:3   | Reached XP level 15. HP: 87/110 MP: 23/29
 24704 | Lair:4   | Reached skill level 10 in Fire Magic
 25564 | Lair:5   | Identified the +7 flail "Vuygg" {freeze, rC+ Str+5 Int+4
                  | Dex-3}
 25997 | Lair:5   | Found a viscous altar of Jiyva.
 25997 | Lair:5   | Found a staircase to the Slime Pits.
 26061 | Lair:5   | Reached skill level 10 in Short Blades
 26061 | Lair:5   | Reached skill level 10 in Long Blades
 26061 | Lair:5   | Reached skill level 10 in Axes
 26061 | Lair:5   | Reached skill level 10 in Maces & Flails
 26061 | Lair:5   | Reached skill level 10 in Staves
 26061 | Lair:5   | Reached skill level 10 in Ranged Weapons
 26061 | Lair:5   | Reached skill level 10 in Throwing
 26061 | Lair:5   | Reached skill level 10 in Armour
 26061 | Lair:5   | Reached skill level 10 in Dodging
 26061 | Lair:5   | Reached skill level 10 in Stealth
 26061 | Lair:5   | Reached skill level 10 in Shields
 26061 | Lair:5   | Reached skill level 10 in Unarmed Combat
 26061 | Lair:5   | Reached skill level 10 in Evocations
 26845 | Lair:5   | Found a large runed translucent door.
 26845 | Lair:5   | Found a large runed translucent door.
 27545 | D:12     | Found Xibapp's Armour Emporium.
 27585 | D:12     | Killed Jorgrun
 28203 | D:13     | Acquired the ring "Kuicepp" {rCorr Str+4 Int+6}
 28280 | D:13     | Noticed Nessos
 28915 | D:13     | Killed Nessos
 30050 | D:13     | Found a gate to the Vaults.
 30891 | D:15     | Entered Level 15 of the Dungeon
 30906 | D:14     | Acquired the +2 hat "Exteplan" {Regen+ Str-2 SInv}
 32111 | D:3      | Bought a ring of poison resistance for 200 gold pieces
 32186 | D:4      | Bought 2 potions of haste for 220 gold pieces
 32186 | D:4      | Bought a potion of haste for 110 gold pieces
 32441 | Snake:1  | Entered Level 1 of the Snake Pit
 33195 | Snake:1  | Reached XP level 16. HP: 122/129 MP: 27/31
 35162 | Snake:2  | Identified the ring of the Priest {rElec rF- Int+6 Dex+6
                  | Stlth+}
 35725 | Snake:3  | Noticed a nagaraja
 35750 | Snake:3  | Killed a nagaraja
 35897 | Snake:4  | Entered Level 4 of the Snake Pit
 36590 | Snake:3  | Found Buadiaps's Weapon Shoppe.
 36598 | Snake:3  | Found Nyol's Magic Scroll Emporium.
 36604 | Snake:3  | Bought a scroll of teleportation for 51 gold pieces
 36882 | Snake:3  | Noticed Vashnia
 37283 | Snake:3  | Noticed Aizul
 37298 | Snake:3  | Killed Aizul
 37745 | Snake:3  | Killed Vashnia
 38664 | Snake:4  | Reached XP level 17. HP: 84/136 MP: 22/32
 39532 | Snake:4  | Learned a level 2 spell: Wereblood
 39536 | Snake:4  | Learned a level 3 spell: Swiftness
 40753 | Snake:4  | Reached skill level 10 in Conjurations
 40753 | Snake:4  | Reached skill level 10 in Hexes
 40753 | Snake:4  | Reached skill level 10 in Summonings
 40753 | Snake:4  | Reached skill level 10 in Necromancy
 40753 | Snake:4  | Reached skill level 10 in Translocations
 40753 | Snake:4  | Reached skill level 10 in Transmutations
 40753 | Snake:4  | Reached skill level 10 in Ice Magic
 40753 | Snake:4  | Reached skill level 10 in Air Magic
 40753 | Snake:4  | Reached skill level 10 in Earth Magic
 40753 | Snake:4  | Reached skill level 10 in Poison Magic
 42044 | Snake:4  | Succumbed to a guardian serpent's bolt of poison

Illustrated notes

Levels and vault maps discovered:
D:1:      amcnicky_arrival_blooded_trapdoor, layout_basic, dk_noncrumbling_4
D:2:      layout_rooms, basic_altar, ebering_ecumenical_altar_petrified,
          kennysheep_generic_room_14
D:3:      layout_basic, serial_glass, glass_columns_a, glass_columns_a,
          serial_shops, shop, uniq_ijyb
D:4:      layout_rooms, mainiacjoe_overflow_small_starburst,
          minmay_temple_entry_proselytizer, serial_shops, shop,
          minmay_joined_circles, uniq_pikel, uniq_blork_the_orc
D:5:      layout_cave_pods, lemuel_doored_altar, nicolae_overflow_hidden_temple,
          enter_ossuary_1, hangedman_decor_growths, minmay_crystal_water,
          serial_park_tiny_pond, uniq_grinder
D:6:      layout_basic, nicolae_hepliaklqana_monster_ancestors,
          minmay_three_doors, uniq_menkaure
D:7:      layout_loops_corners
D:8:      layout_gridville
D:9:      layout_big_octagon, david_orc_5, kennysheep_generic_room_9, uniq_grum,
          uniq_maurice
D:10:     layout_irregular_city, nicolae_vehumet_radiance,
          nicolae_kikubaaqudgha_miasma_corner, serial_shops, shop,
          small_statue_intersection, skrybe_limestone_x, uniq_josephine
D:11:     layout_roguey, grunt_lair_entry_orc_guard_hut, minmay_splitting_lines,
          minmay_misc_feat_hallway, uniq_erolcha
D:12:     layout_basic, serial_bayou, serial_bayou_crossing,
          serial_bayou_pond_a, serial_bayou_ford_a, serial_bayou_pond_c,
          serial_bayou_pond_a, serial_bayou_pond_c, serial_shops,
          kennysheep_little_box, nicolae_gozag_seed_capital, uniq_jorgrun,
          uniq_lodul, uniq_fannar
D:13:     layout_cave_pools, david_vaults_1, minmay_increasing_density,
          uniq_nessos
D:14:     layout_long_grid, nrook_pool_corridor, minmay_misc_feat_secret_circle
D:15:     grunt_enter_depths_snipers, layout_long_grid, minmay_lindwurm_lava
Lair:1:   layout_long_grid, gauntlet_entry_generic,
          hangedman_lair_generics_rect, lemuel_fruit_tree
Lair:2:   layout_cave_pods, skrybe_swamp_entry_bodies,
          gammafunk_ghost_hydra_chop, hellmonk_guarded_unrand_vines, uniq_erica
Lair:3:   layout_chaotic_city, minmay_snake_entry_six_corridors
Lair:4:   layout_cave_pods, portal_ice_cave_entry_ice_simulacra,
          grunt_megastairs_1, serial_bayou_shore_b
Lair:5:   cheibrodos_lair_end_hotspot, layout_hall_layers,
          dpeg_slime_entry_enclosed, hibernation_bobbens
Snake:1:  layout_onion_interference, nicolae_integral_box
Snake:2:  layout_honeycomb
Snake:3:  layout_grid_maze, minmay_shoptagon, uniq_vashnia, uniq_aizul
Snake:4:  grunt_snake_rune_spirals, layout_onion_interference,
          nicolae_snake_boneroom

Skill      XL: |  1  2  3  4  5  6  7  8  9 10 11 12 13 14 15 16 17 |
---------------+----------------------------------------------------+-----
Invocations    | 1 2 5 6 7 8 9 10 11 12 13 | 13.0
Short Blades   | 1 5 6 7 8 9 10 11 12 | 12.0
Long Blades    | 1 5 6 7 8 9 10 11 12 | 12.0
Axes           | 1 5 6 7 8 9 10 11 12 | 12.0
Maces & Flails | 1 5 6 7 8 9 10 11 12 | 12.0
Staves         | 1 5 6 7 8 9 10 11 12 | 12.0
Ranged Weapons | 1 5 6 7 8 9 10 11 12 | 12.0
Throwing       | 1 5 6 7 8 9 10 11 12 | 12.0
Armour         | 1 5 6 7 8 9 10 11 12 | 12.0
Dodging        | 1 5 6 7 8 9 10 11 12 | 12.0
Stealth        | 1 5 6 7 8 9 10 11 12 | 12.0
Shields        | 1 5 6 7 8 9 10 11 12 | 12.0
Unarmed Combat | 1 5 6 7 8 9 10 11 12 | 12.0
Evocations     | 1 5 6 7 8 9 10 11 12 | 12.0
Spellcasting   | 3 5 6 7 8 9 10 11 12 | 12.3
Conjurations   | 1 4 5 6 7 8 9 10 | 10.1
Hexes          | 1 4 5 6 7 8 9 10 | 10.1
Summonings     | 1 4 5 6 7 8 9 10 | 10.1
Necromancy     | 1 4 5 6 7 8 9 10 | 10.1
Translocations | 1 4 5 6 7 8 9 10 | 10.1
Transmutations | 1 4 5 6 7 8 9 10 | 10.1
Ice Magic      | 1 4 5 6 7 8 9 10 | 10.1
Air Magic      | 1 4 5 6 7 8 9 10 | 10.1
Earth Magic    | 1 4 5 6 7 8 9 10 | 10.1
Poison Magic   | 1 4 5 6 7 8 9 10 | 10.1
Fighting       | 8 9 10 11 12 13 | 13.5
Polearms       | 8 9 10 11 12 13 | 13.5
Fire Magic     | 7 8 9 10 11 | 11.5

Action                   |  1- 3 |  4- 6 |  7- 9 | 10-12 | 13-15 | 16-18 || total
-------------------------+-------+-------+-------+-------+-------+-------++-------
Melee: Spear             |   130 |   176 |       |       |       |       ||   306
       Bite              |    14 |    31 |    27 |    69 |   143 |   116 ||   400
       Punch             |     1 |     4 |    10 |    28 |       |       ||    43
       Trident           |       |   118 |   364 |   577 |       |       ||  1059
       Double sword      |       |       |       |    60 |   727 |   805 ||  1592
       Scimitar          |       |       |       |       |   250 |       ||   250
Throw: Stone             |     8 |     9 |       |       |       |       ||    17
       Dart              |       |       |    11 |    29 |    31 |    10 ||    81
       Boomerang         |       |       |    19 |    17 |    22 |    21 ||    79
       Throwing net      |       |       |       |       |       |     1 ||     1
 Cast: Wereblood         |       |       |       |       |       |     1 ||     1
Invok: Fiery Armour      |       |       |       |       |     1 |     1 ||     2
 Abil: Evoke Invisibilit |       |       |       |     4 |     2 |     2 ||     8
Evoke: Wand              |       |       |     3 |    23 |    10 |     1 ||    37
       Box of beasts     |       |       |       |       |     1 |     2 ||     3
       Tin of tremorston |       |       |       |       |       |     2 ||     2
  Use: Scroll            |       |    18 |       |    15 |    14 |     3 ||    50
       Potion            |       |     1 |       |     2 |     4 |     3 ||    10
 Stab: Paralysed         |       |       |    18 |    11 |     5 |       ||    34
       Invisible         |       |       |       |    13 |     5 |     2 ||    20
       Distracted        |       |       |       |     1 |     9 |    10 ||    20
       Held in net/web   |       |       |       |       |       |     1 ||     1
Armor: Ring mail         |    20 |    57 |       |       |       |       ||    77
       Chain mail        |       |   130 |    74 |       |       |       ||   204
       Plate armour      |       |       |    92 |   288 |   666 |   348 ||  1394
       Skin              |       |       |       |    51 |       |       ||    51
Dodge: Dodged            |    29 |   131 |   106 |   280 |   418 |   251 ||  1215
Block: Buckler           |       |       |       |    20 |   338 |   260 ||   618
